 Dungeon Crawl Stone Soup version 0.29-a0-1065-g47a6bb87d6 (webtiles) character file.

Game seed: 7942667075135963264

1197 Zeldest the Digger (level 8, -2/54 HPs)
             Began as an Octopode Earth Elementalist on Aug 19, 2022.
             Killed from afar by an electric eel (9 damage)
             ... with a bolt of electricity
             ... on level 6 of the Dungeon.
             The game lasted 00:12:09 (5139 turns).

Zeldest the Digger (Octopode Earth Elementalist)    Turns: 5139, Time: 00:12:10

Health: -2/54      AC:  1    Str:  7    XL:     8   Next: 44%
Magic:  13/14      EV: 14    Int: 20    God:
Gold:   373        SH:  0    Dex: 12    Spells: 11/15 levels left

rFire   . . .      SeeInvis .   v - staff of conjuration
rCold   . . .      Faith    .   (no shield)
rNeg    . . .      Spirit   .   (helmet restricted)
rPois   .          Reflect  .   (no amulet)
rElec   .          Harm     .   (no ring)
rCorr   .          Rampage  .   (no ring)
Will    .....                   (no ring)
Stlth   +++.......              (no ring)
HPRegen 0.18/turn               (no ring)
MPRegen 0.14/turn               (no ring)
                                (no ring)
                                (no ring)

@: no status effects
A: almost no armour, amphibious, 8 rings, camouflage 1, gelatinous body 1,
(nimble swimmer 1), tentacles
a: no special abilities


You were on level 6 of the Dungeon.
You visited 1 branch of the dungeon, and saw 6 of its levels.

You collected 373 gold pieces.

Inventory:

Missiles
 u - a throwing net
Magical Staves
 v - a staff of conjuration (weapon)
Wands
 o - a wand of roots (6)
 t - a wand of flame (12)
Scrolls
 c - a scroll of poison
 d - 2 scrolls of blinking
 j - a scroll of summoning {unknown}
 k - a scroll of vulnerability {unknown}
 l - a scroll of noise {unknown}
 m - a scroll of amnesia {unknown}
 n - 2 scrolls of teleportation
 s - a scroll of identify {unknown}
Potions
 a - a potion of magic
 b - a potion of flight {unknown}
 e - 4 potions of curing
 f - 2 potions of mutation {unknown}
 g - 3 potions of heal wounds {unknown}
 h - a potion of attraction {unknown}
 i - 2 potions of degeneration {unknown}
 p - 2 potions of might {unknown}
 q - 4 potions of brilliance {unknown}
 r - 3 potions of berserk rage {unknown}
 w - a potion of invisibility {unknown}


   Skills:
 + Level 4.2 Fighting
 + Level 4.8 Dodging
 - Level 2.6 Stealth
 - Level 4.0 Spellcasting
 + Level 3.9 Conjurations
 - Level 2.0 Transmutations
 + Level 5.4 Earth Magic


You had 11 spell levels left.
You knew the following spells:

 Your Spells              Type           Power      Damage    Failure   Level
a - Sandblast             Erth           50%        2d12      1%          1
f - Stone Arrow           Conj/Erth      66%        3d11      6%          3

Your spell library contained the following spells:

 Spells                   Type           Power      Damage    Failure   Level
 Passwall                 Tmut/Erth      15%        N/A       4%          2
 Sting                    Tmut/Pois      32%        1d4       9%          1
 Freeze                   Ice            16%        1d4       13%         1
 Dazzling Flash           Conj/Hex       34%        N/A       17%         3
 Poisonous Vapours        Pois/Air       8%         N/A       19%         2
 Petrify                  Tmut/Erth      18%        N/A       28%         4
 Call Canine Familiar     Summ           4%         N/A       36%         3
 Frozen Ramparts          Ice            8%         1d2       36%         3
 Gell's Gravitas          Tloc           4%         N/A       36%         3
 Portal Projectile        Hex/Tloc       8%         N/A       36%         3
 Teleport Other           Tloc           4%         N/A       36%         3
 Leda's Liquefaction      Hex/Erth       7%         N/A       38%         4
 Hailstorm                Conj/Ice       17%        3d6       50%         4
 Olgreb's Toxic Radiance  Pois           4%         N/A       77%         4
 Agony                    Necr           4%         N/A       98%         5
 Silence                  Hex/Air        2%         N/A       98%         5
 Dispersal                Tloc           2%         N/A       100%        6


Dungeon Overview and Level Annotations

Branches:
Dungeon (6/15)
 Temple: D:4-7

Altars:
Ashenzari
Uskayaw
Xom
Yredelemnul
Zin

Annotations:
D:6 Pikel


Innate Abilities, Weirdness & Mutations

You cannot wear most types of armour.
You are amphibious.
You can wear up to eight rings at the same time.
Your skin changes colour to match your surroundings (Stealth+).
Your rubbery body absorbs attacks. (AC +1, EV +1)
((You are camouflaged when in or above water. (Stealth+)))
You have tentacles for arms and can constrict up to eight enemies at once.


Message History

Confirm with . or Enter, or press ? or * to list all spells.
Aiming: Sandblast (safe; 1% risk of failure)
Press: ? - help, Shift-Dir - straight line, f - orc
Aim: an orc, wielding a +0 club (asleep, 100% to hit)
The blast of sand hits the orc!
You kill the orc!
The orc shouts! 2 electric eels come into view.
You see here a +0 club.
You hit the plant.
The plant begins to die.
You grab the plant. You squeeze the plant!
The plant is lightly damaged.
You constrict the plant.
A scorpion comes into view.
Casting: Sandblast (safe; 1% risk of failure)
Confirm with . or Enter, or press ? or * to list all spells.
Aiming: Sandblast (safe; 1% risk of failure)
Press: ? - help, Shift-Dir - straight line, f - orc
Aim: an orc, wielding a +0 falchion (83% to hit)
The blast of sand hits the orc!!
You kill the orc!
You hear a splash.
You constrict the plant.
The electric eel shoots out a bolt of lightning at you!
The bolt of electricity hits you!
You release your grip on the plant.
The scorpion stings the plant.
The plant begins to die.
The electric eel shoots out a bolt of lightning at you!
The bolt of electricity hits you! x2
The electric eel shoots out a bolt of lightning at you!
The bolt of electricity misses you.
A nearby plant withers and dies.
The electric eel shoots out a bolt of lightning at you!
The bolt of electricity hits the plant!
The plant begins to die.
The bolt of electricity hits you!
* * * LOW HITPOINT WARNING * * *
The electric eel shoots out a bolt of lightning at you!
The bolt of electricity misses the electric eel.
The bolt of electricity hits the plant!
The bolt of electricity hits you!
You die...

#P~~≈≈~...... #.
#.~~≈S~s... #.
#..~≈S)♣P# ..
#P~~.~~~P# ..
##~~~).~.# #.
#..♣.~.♣..... #. ###
### ### ##..PP.# ..#
.. #.###.###.##
#..#.## # ###
...........####.@.#
#+#..
###.###.##..###.###
###....
.........#.###....###
#...... #.###.##...#
#......# #.....
.......#.#.#####....#
+.....
.##.##...#.....##...#
#....
.#...#.#.#.#........#
#....
...#...#...#........+
####'
.#...#.#.#.#<.......#
#....


You could see a scorpion and 2 electric eels.

Vanquished Creatures
  Grinder (D:5)
  4 water moccasins
  A phantom (D:6)
  2 hounds
  2 jellies
  An orc priest (D:5)
  An iguana (D:5)
  4 orc wizards
  9 adders
  3 gnolls (D:4)
  A shadow imp (D:6)
  An ufetubus (D:4)
  3 worms
  4 dart slugs
  10 orcs
  8 ball pythons
  2 bats (D:1)
  9 endoplasms
  3 giant cockroaches
  7 goblins
  6 hobgoblins
  2 jackals (D:2)
  5 kobolds
  2 quokkas
  6 frilled lizards
  A rat (D:1)
98 creatures vanquished.

Vanquished Creatures (others)
  A plant (D:6)
1 creature vanquished.

Grand Total: 99 creatures vanquished

Notes
Turn   | Place    | Note
-------+----------+-------------------------------------------
     0 | D:1      | Zeldest the Octopode Earth Elementalist began the quest for
                  | the Orb.
     0 | D:1      | Reached XP level 1. HP: 11/11 MP: 3/3
   195 | D:1      | Reached XP level 2. HP: 18/18 MP: 0/5
   581 | D:1      | Reached XP level 3. HP: 22/22 MP: 3/6
   873 | D:2      | Reached skill level 1 in Fighting
  1051 | D:2      | Found a faded altar of an unknown god.
  1210 | D:2      | Identified the +1 scale mail "Otsozen" {Stlth+}
  1473 | D:3      | Reached XP level 4. HP: 28/28 MP: 5/7
  2034 | D:3      | Found a hide-covered altar of Uskayaw.
  2500 | D:4      | Reached XP level 5. HP: 34/34 MP: 5/9
  2597 | D:4      | Found a basalt altar of Yredelemnul.
  3053 | D:4      | Learned a level 3 spell: Stone Arrow
  3566 | D:5      | Entered Level 5 of the Dungeon
  3598 | D:5      | Noticed a water moccasin
  3613 | D:4      | Reached skill level 1 in Conjurations
  3874 | D:5      | Reached skill level 4 in Earth Magic
  3874 | D:5      | Reached XP level 6. HP: 39/39 MP: 6/10
  3914 | D:5      | Killed a water moccasin
  4001 | D:5      | Found a broken altar of Ashenzari.
  4012 | D:5      | Found a shimmering altar of Xom.
  4018 | D:5      | Noticed Grinder
  4021 | D:5      | Paralysed by Grinder for 4 turns
  4027 | D:5      | Killed Grinder
  4028 | D:5      | Reached XP level 7. HP: 46/46 MP: 3/12
  4204 | D:5      | Found a glowing silver altar of Zin.
  4732 | D:6      | Reached XP level 8. HP: 51/54 MP: 6/14
  4881 | D:6      | Reached skill level 5 in Earth Magic
  5087 | D:6      | Noticed Pikel
  5139 | D:6      | Killed from afar by an electric eel

Illustrated notes

Levels and vault maps discovered:
D:1:      minmay_arrival_doors, layout_loops_ring, fountainhead, fountainhead
D:2:      layout_basic, nicolae_ecumenical_snake_handling
D:3:      layout_basic, nicolae_uskayaw_murder_on_the_dancefloor
D:4:      layout_gridville, mainiacjoe_overflow_boulevard, bh_walls_and_bars
D:5:      layout_cave_pools, mainiacjoe_overflow_catwalk_spiral, zin_statuary,
          nicolae_sextant, uniq_grinder
D:6:      nicolae_cairo_tiling_very_big, layout_cave_pools, temple_pool_b,
          nicolae_concentric_dashed_squares_wild,
          hangedman_abyss_or_decor_passed, serial_bayou_pond_b, uniq_pikel

Skill      XL: |  1  2  3  4  5  6  7  8 |
---------------+-------------------------+-----
Fighting       | 1 2 3 4 |  4.2
Transmutations | 2 |  2.0
Dodging        | 3 4 |  4.8
Conjurations   | 1 2 3 |  3.9
Spellcasting   | 3 4 |  4.0
Earth Magic    | 4 5 |  5.4
Stealth        | |  2.6

Action                   |  1- 3 |  4- 6 |  7- 9 || total
-------------------------+-------+-------+-------++-------
Melee: Unarmed           |    22 |     2 |       ||    24
       Constrict         |     8 |       |     2 ||    10
       Tentacles         |     4 |     1 |     2 ||     7
       Staff             |       |       |     4 ||     4
 Cast: Sandblast         |    42 |    64 |    25 ||   131
       Stone Arrow       |       |     5 |    10 ||    15
Evoke: Wand              |       |     4 |     1 ||     5
  Use: Scroll            |       |       |     4 ||     4
       Potion            |       |       |     3 ||     3
 Stab: Sleeping          |     1 |     1 |       ||     2
Armor: Skin              |     4 |     6 |     1 ||    11
Dodge: Dodged            |    25 |    30 |    14 ||    69

Table legend: (Time is in decaauts)
 A = Elapsed time spent in this place.
 B = Non-inter-level travel time spent in this place.
 C = Inter-level travel time spent in this place.
 D = Time resting spent in this place.
 E = Time spent auto-exploring this place.
 F = Levels seen in this place.
 G = Mean time per level.
                   A        B        C        D        E       F      G
               +--------+--------+--------+--------+--------+-----+--------+
         Total |   5206 |   4967 |    239 |   1262 |   2809 |   6 |  867.7 |
       Dungeon |   5206 |   4967 |    239 |   1262 |   2809 |   6 |  867.7 |
               +--------+--------+--------+--------+--------+-----+--------+

Top non-repeatable levels by time:
     D:4: 1352 daAuts
     D:3: 1009 daAuts
     D:1: 875 daAuts
     D:5: 784 daAuts
     D:2: 612 daAuts
     D:6: 571 daAuts
